 Dungeon Crawl Stone Soup version 0.26-a0-639-g72c4674329 (webtiles) character file.

Game seed: 5184921853398582179

580 Apogee the Magician (level 7, -2/36 HPs)
             Began as a Deep Elf Ice Elementalist on Sept 21, 2020.
             Shot with an arrow by a centaur (3 damage)
             ... on level 5 of the Dungeon.
             The game lasted 00:11:03 (4470 turns).

Apogee the Magician (Deep Elf Ice Elementalist)     Turns: 4470, Time: 00:11:04

Health: -2/36      AC: 10    Str:  5    XL:     7   Next: 13%
Magic:  15/19      EV: 13    Int: 22    God:
Gold:   221        SH:  0    Dex: 15    Spells: 9/20 levels left

rFire    . . .     SeeInvis .   q - +1 dagger (protect)
rCold    . . .     Faith    .   (no shield)
rNeg     . . .     Spirit   .   a - +0 robe
rPois    .         Reflect  .   (no helmet)
rElec    .         Harm     .   (no cloak)
rCorr    .         Rampage  .   (no gloves)
MR       .....                  (no boots)
Stlth    ++........             (no amulet)
HPRegen  0.12/turn              (no ring)
MPRegen  0.16/turn              (no ring)

@: icy armour
A: no striking features
a: no special abilities


You were on level 5 of the Dungeon.
You visited 1 branch of the dungeon, and saw 5 of its levels.

You collected 221 gold pieces.

Inventory:

Hand Weapons
 b - a +0 club
   (You took it off a goblin on level 1 of the Dungeon)
 q - a +1 dagger of protection (weapon)
   (You took it off a kobold on level 3 of the Dungeon)
 r - a +0 dagger
   (You took it off a goblin on level 1 of the Dungeon)
 s - a +1 dagger of venom
   (You took it off an orc wizard on level 4 of the Dungeon)
Missiles
 f - 73 stones (quivered)
Armour
 a - a +0 robe (worn)
Wands
 c - a wand of disintegration (14)
   (You found it on level 3 of the Dungeon)
 t - a wand of flame (8)
   (You found it on level 2 of the Dungeon)
Scrolls
 d - a scroll of fog {unknown}
 e - 5 scrolls of teleportation {unknown}
 j - a scroll of random uselessness {unknown}
 l - 6 scrolls of identify {unknown}
 n - 2 scrolls of amnesia {unknown}
 o - a scroll of blinking {unknown}
 p - a scroll of enchant weapon {unknown}
 u - a scroll of magic mapping {unknown}
Potions
 g - 2 potions of lignification {unknown}
 h - 3 potions of stabbing {unknown}
 i - 4 potions of heal wounds {unknown}
 k - 2 potions of ambrosia {unknown}
 m - a potion of curing {unknown}


   Skills:
 - Level 2.4 Dodging
 - Level 2.4 Stealth
 + Level 7.1 Spellcasting
 + Level 3.1 Conjurations
 + Level 7.0 Ice Magic


You had 9 spell levels left.
You knew the following spells:

 Your Spells              Type           Power        Failure   Level
a - Freeze                Ice            ####         1%          1
b - Ozocubu's Armour      Ice            #####...     1%          3
c - Frozen Ramparts       Ice            #####.       1%          3
d - Hailstorm             Conj/Ice       ####....     10%         4

Your spell library contained the following spells:

 Spells                   Type           Power        Failure   Level
 Summon Ice Beast         Ice/Summ       ###.....     19%         4


Dungeon Overview and Level Annotations

Branches:
Dungeon (5/15)
 Temple: D:4-7

Altars:

Shops:
D:4 (

Annotations:
D:1 1 runed translucent door


Message History

Your Ice Magic skill increases to level 7!
A centaur comes into view.
A centaur is nearby!
A centaur is nearby!
A centaur is nearby!
Found a chain mail.
Throwing (i - inventory)
f - 74 stones (quivered)
Aim: a centaur, quivering 26 arrows (asleep)
You throw a stone.
The stone hits the centaur but does no damage.
The centaur shouts!
The centaur wields a +0 shortbow.
The centaur shoots an arrow.
The arrow hits you!
Found a runed wooden ring.
You can't see any susceptible monsters within range! (Use Z to cast anyway.)
The walls around you are covered in ice.
You start resting.
The wall freezes the centaur.
The centaur shoots an arrow.
The arrow barely misses you.
You see here an arrow.
The wall freezes the centaur.
The centaur shoots an arrow.
The arrow hits you!
* * * LOW HITPOINT WARNING * * *
You see here an arrow.
You see here an arrow.
The centaur shoots an arrow.
The arrow hits you.
* * * LOW HITPOINT WARNING * * *
You see here an arrow.
The frozen ramparts melt away.
The centaur shoots an arrow.
The arrow hits you.
* * * LOW HITPOINT WARNING * * *
You see here 2 arrows.
Aim: a centaur, wielding a +0 shortbow and quivering 21 arrows (moderately wounded, chance to defeat MR: 65%)
The centaur struggles to resist.
The centaur shoots an arrow.
The arrow barely misses you.
You don't have any such object.
You don't have any such object.
You don't have any such object.
Okay, then.
Unknown command.
Unknown command.
Aim: a centaur, wielding a +0 shortbow and quivering 20 arrows (moderately wounded, chance to defeat MR: 65%)
The centaur struggles to resist.
The centaur shoots an arrow.
The arrow hits you.
* * * LOW HITPOINT WARNING * * *
The centaur shoots an arrow.
The arrow hits you but does no damage.
You see here an arrow.
You see here an arrow.
You can't see any susceptible monsters within range! (Use Z to cast anyway.)
A film of ice covers your body!
The centaur shoots an arrow.
The arrow hits you.
You die...

......=.....###..
.......[. ....#..
#....... ..(....
#....... .......
#......##.......
.#...............
#.....c.#........
.......(#@.#.....
......c.((.......
.................
.....(##....#(....
.....###....#.....<
.........(##........
.........###........
..........##........
....................##


You could see a centaur.

Vanquished Creatures
  An ice beast (D:4)
  4 orc wizards (D:4)
  3 hounds
  A jelly (D:5)
  2 worker ants (D:4)
  3 gnolls (D:3)
  9 adders
  An ufetubus (D:5)
  An ooze (D:3)
  3 worms
  A dart slug (D:2)
  3 leopard geckos
  3 orcs
  2 ball pythons
  9 bats
  6 giant cockroaches
  8 goblins
  4 hobgoblins
  9 jackals
  2 quokkas (D:3)
  3 frilled lizards
  4 kobolds
  6 rats
88 creatures vanquished.

Notes
Turn   | Place    | Note
-------+----------+-------------------------------------------
     0 | D:1      | Apogee the Deep Elf Ice Elementalist began the quest for
                  | the Orb.
     0 | D:1      | Reached XP level 1. HP: 10/10 MP: 6/6
     1 | D:1      | Found a runed translucent door.
   291 | D:1      | Reached XP level 2. HP: 15/15 MP: 6/8
  1158 | D:2      | Reached skill level 5 in Ice Magic
  1158 | D:2      | Reached XP level 3. HP: 13/19 MP: 7/10
  1163 | D:2      | Learned a level 3 spell: Ozocubu's Armour
  1167 | D:2      | Learned a level 3 spell: Frozen Ramparts
  1445 | D:2      | Reached XP level 4. HP: 20/24 MP: 7/12
  2035 | D:3      | Reached skill level 5 in Spellcasting
  2118 | D:3      | Reached XP level 5. HP: 16/28 MP: 5/14
  2659 | D:3      | Learned a level 4 spell: Hailstorm
  3307 | D:4      | Reached skill level 1 in Conjurations
  3475 | D:4      | Reached XP level 6. HP: 24/32 MP: 13/17
  3702 | D:4      | Noticed an ice beast
  3721 | D:4      | Killed an ice beast
  3789 | D:4      | Found Ammau's Antique Weapon Emporium.
  3937 | D:4      | Reached XP level 7. HP: 22/36 MP: 12/19
  4382 | D:5      | Entered Level 5 of the Dungeon
  4467 | D:5      | HP: 1/36 [centaur/arrow (5)]
  4470 | D:5      | Shot with an arrow by a centaur

Illustrated notes

Levels and vault maps discovered:
D:1:      dpeg_arrival_caged_fury, layout_basic
D:2:      layout_loops_cross
D:3:      layout_basic
D:4:      layout_basic, serial_shops, shop
D:5:      layout_cave_pools, kennysheep_mini, temple_statues

Skill      XL: |  1  2  3  4  5  6  7 |
---------------+----------------------+-----
Spellcasting   | 4 5 6 7 |  7.1
Ice Magic      | 5 6 7 |  7.0
Conjurations   | 1 2 3 |  3.1
Dodging        | |  2.4
Stealth        | |  2.4

Action                   |  1- 3 |  4- 6 |  7- 9 || total
-------------------------+-------+-------+-------++-------
Melee: Dagger            |     7 |    11 |       ||    18
       Club              |     1 |       |       ||     1
Throw: Stone             |     1 |     4 |     1 ||     6
 Cast: Freeze            |    28 |    55 |     6 ||    89
       Frozen Ramparts   |     3 |    13 |     2 ||    18
       Ozocubu's Armour  |     1 |     3 |     1 ||     5
Evoke: Wand              |       |    14 |     2 ||    16
 Stab: Sleeping          |     5 |     1 |       ||     6
       Distracted        |       |     1 |       ||     1
Armor: Robe              |     6 |    18 |     2 ||    26
Dodge: Dodged            |    16 |    43 |     6 ||    65

Table legend: (Time is in decaauts)
 A = Elapsed time spent in this place.
 B = Non-inter-level travel time spent in this place.
 C = Inter-level travel time spent in this place.
 D = Time resting spent in this place.
 E = Time spent auto-exploring this place.
 F = Levels seen in this place.
 G = Mean time per level.
                   A        B        C        D        E       F      G
               +--------+--------+--------+--------+--------+-----+--------+
         Total |   4469 |   4348 |    121 |    222 |   3487 |   5 |  893.8 |
       Dungeon |   4469 |   4348 |    121 |    222 |   3487 |   5 |  893.8 |
               +--------+--------+--------+--------+--------+-----+--------+

Top non-repeatable levels by time:
     D:4: 1332 daAuts
     D:1: 1147 daAuts
     D:3: 1097 daAuts
     D:2: 803 daAuts
     D:5: 87 daAuts
